 Dungeon Crawl Stone Soup version 0.26-a0-1181-gd376ed14c5 (webtiles) character file.

Game seed: 2257027538853426464

10535 runemasterragnar the Covert (level 11, -2/66 HPs)
             Began as a Kobold Enchanter on Dec 25, 2020.
             Was the Champion of Okawaru.
             Slain by a cyan ugly thing (13 damage)
             ... on level 11 of the Dungeon.
             The game lasted 00:34:35 (15219 turns).

runemasterragnar the Covert (Kobold Enchanter)     Turns: 15219, Time: 00:34:36

Health: -2/66      AC: 10    Str:  8    XL:     11   Next: 94%
Magic:  20/20      EV: 21    Int: 16    God:    Okawaru [******]
Gold:   379        SH:  0    Dex: 29    Spells: 3/23 levels left

rFire    . . .     SeeInvis .   P - +0 long sword of Karma {vamp, Dex+6}
rCold    . . .     Faith    .   (shield restricted)
rNeg     . . .     Spirit   .   S - +0 acid dragon scales
rPois    .         Reflect  .   m - +1 hat
rElec    .         Harm     .   w - +0 cloak
rCorr    +         Rampage  .   (no gloves)
Will     +....     Clarity  +   t - +0 pair of boots
Stlth    ++++++....             e - amulet of the acrobat
HPRegen  0.21/turn              p - +6 ring of dexterity
MPRegen  0.17/turn              (no ring)

@: no status effects
A: small, clarity, strong-willed 1, nightstalker 3
a: Renounce Religion, Heroism, Finesse


You were on level 11 of the Dungeon.
You worshipped Okawaru.
Okawaru was exalted by your worship.
You visited 1 branch of the dungeon, and saw 11 of its levels.

You collected 586 gold pieces.
You spent 207 gold pieces at shops.

Inventory:

Hand Weapons
 b - a +4 dagger of freezing
 I - the +8 spear "Zumatop" {vorpal, Will+ Str+3 Int+5}
   (You found it on level 5 of the Dungeon)

   It inflicts extra damage upon your enemies.
   It affects your strength (+3).
   It affects your intelligence (+5).
   It affects your willpower, your defense against some magical effects.
 P - the +0 long sword of Karma (weapon) {vamp, Dex+6}
   (You found it on level 7 of the Dungeon)

   It inflicts no extra harm, but heals its wielder when it wounds a living foe.
   It affects your dexterity (+6).
 Q - a +0 arbalest
Missiles
 i - 58 bolts
Armour
 m - a +1 hat (worn)
 t - a +0 pair of boots (worn)
 w - a +0 cloak (worn)
 J - a +0 leather armour of fire resistance
 S - +0 acid dragon scales (worn)
Magical Staves
 u - an uncursed staff of fire
Jewellery
 e - an amulet of the acrobat (around neck)
 h - an uncursed ring of fire
 p - a +6 ring of dexterity (left hand)
 y - an uncursed ring of teleportation
Wands
 g - a wand of iceblast (4)
 q - a wand of random effects (5)
 C - a wand of flame (13)
 F - a wand of acid (13)
 O - a wand of polymorph (19)
Scrolls
 d - 4 scrolls of teleportation
 f - 6 scrolls of remove curse
 j - 2 scrolls of fog
 k - 4 scrolls of amnesia {unknown}
 l - a scroll of immolation {unknown}
 n - 2 scrolls of summoning {unknown}
 o - 5 scrolls of enchant weapon
 x - a scroll of noise {unknown}
 B - 3 scrolls of magic mapping {unknown}
 K - a scroll of enchant armour {unknown}
 M - 2 scrolls of identify
 R - a scroll of blinking
Potions
 a - a potion of resistance
 c - 2 potions of degeneration
 r - 2 potions of haste
 s - a potion of mutation
 v - a potion of ambrosia
 z - 2 potions of attraction
 A - 2 potions of flight
 D - 4 potions of might
 G - 3 potions of magic
 H - 2 potions of curing {unknown}
 L - 2 potions of brilliance {unknown}
 N - a potion of berserk rage {unknown}


   Skills:
 + Level 6.5 Fighting
 - Level 3.3 Short Blades
 * Level 4.9 Crossbows
 - Level 4.0 Armour
 + Level 7.6 Dodging
 + Level 9.5 Stealth
 + Level 6.5 Spellcasting
 + Level 2.2 Conjurations
 - Level 8.1 Hexes
 - Level 5.2 Translocations
 - Level 2.0 Ice Magic
 + Level 4.4 Invocations
 - Level 4.1 Evocations


You had 3 spell levels left.
You knew the following spells:

 Your Spells              Type           Power        Failure   Level
a - Corona                Hex            34%          1%          1
b - Ensorcelled Hibernat  Hex/Ice        42%          4%          2
c - Confusing Touch       Hex            31%          2%          3
d - Tukima's Dance        Hex            31%          2%          3
e - Slow                  Hex            31%          1%          2
f - Portal Projectile     Hex/Tloc       52%          4%          3
g - Gell's Gravitas       Tloc           10%          8%          3
h - Dazzling Flash        Conj/Hex       42%          8%          3

Your spell library contained the following spells:

 Spells                   Type           Power        Failure   Level
 Freeze                   Ice            44%          10%         1
 Inner Flame              Hex/Fire       18%          12%         3
 Beastly Appendage        Tmut           10%          22%         1
 Sandblast                Erth           10%          22%         1
 Frozen Ramparts          Ice            22%          28%         3
 Ozocubu's Armour         Ice            11%          28%         3
 Passwall                 Tmut/Erth      4%           32%         2
 Wereblood                Tmut           5%           32%         2
 Stone Arrow              Conj/Erth      16%          38%         3
 Spider Form              Tmut/Pois      2%           54%         3
 Cause Fear               Hex            15%          8%          4
 Leda's Liquefaction      Hex/Erth       9%           38%         4
 Metabolic Englaciation   Hex/Ice        10%          58%         5
 Hailstorm                Conj/Ice       12%          65%         4
 Yara's Violent Unravell  Hex/Tmut       9%           75%         5
 Ice Form                 Ice/Tmut       8%           82%         4
 Summon Ice Beast         Ice/Summ       8%           82%         4
 Petrify                  Tmut/Erth      5%           91%         4
 Blade Hands              Tmut           2%           99%         5
 Lee's Rapid Deconstruct  Erth           2%           99%         5


Dungeon Overview and Level Annotations

Branches:
Dungeon (11/15)            Temple (0/1) D:6
   Lair: D:8-11         Orc: D:9-12

Altars:
Ashenzari
Cheibriados
Dithmenos
Elyvilon
Fedhas
Gozag
Hepliaklqana
Kikubaaqudgha
Nemelex Xobeh
Okawaru
Sif Muna
Uskayaw
Wu Jian
Xom
The Shining One

Shops:
D:5 ?[!*   D:9 *

Annotations:
D:5 3 runed translucent doors


Innate Abilities, Weirdness & Mutations

You are small and have problems with some larger weapons.
You are completely attuned to the shadows.
You possess an exceptional clarity of mind.
You are strong-willed. (Will+)


Message History

You barely miss the cyan ugly thing.
The cyan ugly thing is almost dead.
The cyan ugly thing completely misses you.
You riposte.
You barely miss the cyan ugly thing.
The cyan ugly thing is almost dead.
The cyan ugly thing barely misses you.
You riposte.
You hit the cyan ugly thing.
You feel better.
The cyan ugly thing is severely wounded.
You hit the cyan ugly thing.
You feel better.
The cyan ugly thing is almost dead.
The cyan ugly thing tail-slaps you. The cyan ugly thing shocks you!
The cyan ugly thing tentacle-slaps you. The cyan ugly thing shocks you!
* * * LOW HITPOINT WARNING * * *
Unknown command.
You hit the cyan ugly thing.
You feel better.
The cyan ugly thing is almost dead.
The cyan ugly thing tail-slaps you!
* * * LOW HITPOINT WARNING * * *
The cyan ugly thing shocks you!
You die...

###..#..........#.
#............
#...........
#..........
#............
##...........
##..........
####uu..... ####@.#....
#....##...#
##...##....#
#...............#
##........ #.....## ###
#.......#.##......###.(
........#.##......#...#
#.....###.#....[.....##
.#..###.......[#.....#


You could see 2 ugly things.

Vanquished Creatures
  Gastronok (D:9)
  2 two-headed ogres
  An unseen horror (D:9)
  Pikel (D:9)
  A wolf spider (D:10)
  Psyche (D:10)
  A shadow (D:11)
  Sigmund (D:5)
  12 yaks
  An acid dragon (D:10)
  A hornet zombie (D:9)
  3 sky beasts
  2 orc warriors
  A black bear (D:10)
  3 ice beasts
  4 ogres
  4 centaurs
  2 lemures
  A big kobold (D:9)
  5 bullfrogs
  A scorpion (D:7)
  2 killer bees (D:10)
  7 wights
  An electric eel (D:6)
  A howler monkey (D:6)
  A bullfrog zombie (D:7)
  7 hounds
  A quasit (D:8)
  2 jellies (D:7)
  A bullfrog skeleton (D:6)
  4 orc priests
  3 orc wizards
  2 iguanas
  A worker ant (D:11)
  2 hound skeletons
  A worker ant zombie (D:8)
  6 gnolls
  10 adders
  2 shadow imps
  3 white imps
  2 ufetubi
  4 worms
  A dart slug (D:1)
  8 leopard geckos
  19 orcs
  2 ball pythons
  7 giant cockroaches
  9 goblins
  12 hobgoblins
  12 jackals
  13 kobolds
  4 quokkas
  2 bats
  5 frilled lizards
  A leopard gecko zombie (D:7)
  A quokka skeleton (D:4)
  A quokka zombie (D:8)
  8 rats
217 creatures vanquished.

Vanquished Creatures (collateral kills)
  A two-headed ogre (D:11)
  A black bear (D:10)
  An ogre (D:10)
  A wight (D:8)
  An orc wizard (D:8)
  3 orcs (D:8)
8 creatures vanquished.

Vanquished Creatures (others)
  A dancing weapon (D:8)
  8 fungi (D:10)
  13 plants
  3 withered plants (D:8)
25 creatures vanquished.

Grand Total: 250 creatures vanquished

Notes
Turn   | Place    | Note
-------+----------+-------------------------------------------
     0 | D:1      | runemasterragnar the Kobold Enchanter began the quest for
                  | the Orb.
     0 | D:1      | Reached XP level 1. HP: 10/10 MP: 3/3
   214 | D:1      | Reached XP level 2. HP: 8/16 MP: 5/5
   588 | D:1      | Learned a level 2 spell: Ensorcelled Hibernation
   677 | D:1      | Reached XP level 3. HP: 20/20 MP: 6/6
  1182 | D:2      | HP: 1/20 [leopard gecko (4)]
  1539 | D:2      | Learned a level 3 spell: Confusing Touch
  1549 | D:2      | Reached skill level 1 in Fighting
  1648 | D:2      | Reached XP level 4. HP: 25/25 MP: 7/7
  1672 | D:2      | Reached skill level 1 in Ice Magic
  1739 | D:2      | Gained mutation: Your magical capacity is low. (-10% MP)
                  | [potion of mutation]
  1739 | D:2      | Gained mutation: Your flesh is heat resistant. (rF+)
                  | [potion of mutation]
  2617 | D:2      | Found a white marble altar of Elyvilon.
  3690 | D:3      | Lost mutation: Your flesh is heat resistant. (rF+) [potion
                  | of mutation]
  3690 | D:3      | Lost mutation: Your magical capacity is low. (-10% MP)
                  | [potion of mutation]
  3690 | D:3      | Gained mutation: You possess an exceptional clarity of
                  | mind. [potion of mutation]
  3690 | D:3      | Gained mutation: You evolve. [potion of mutation]
  3707 | D:3      | Reached XP level 5. HP: 29/29 MP: 9/9
  3710 | D:3      | Found a shadowy altar of Dithmenos.
  4073 | D:3      | Gained mutation: You are strong-willed. (Will+) [evolution]
  4073 | D:3      | Lost mutation: You evolve. [end of evolution]
  5733 | D:4      | Found a hide-covered altar of Uskayaw.
  6006 | D:4      | Reached XP level 6. HP: 31/35 MP: 10/10
  6071 | D:5      | Entered Level 5 of the Dungeon
  6104 | D:5      | Reached skill level 5 in Stealth
  6228 | D:5      | Learned a level 3 spell: Tukima's Dance
  6232 | D:5      | Got a brightly glowing spear
  6328 | D:5      | Noticed Sigmund
  6350 | D:5      | Identified the +8 spear "Zumatop" {vorpal, Will+ Str+3
                  | Int+5} (You found it on level 5 of the Dungeon)
  6356 | D:5      | Killed Sigmund
  6357 | D:5      | Reached skill level 1 in Armour
  6357 | D:5      | Reached skill level 1 in Evocations
  6357 | D:5      | Reached XP level 7. HP: 33/40 MP: 11/11
  6412 | D:5      | Found Ukur's Antique Armour Shoppe.
  6417 | D:5      | Bought a runed leather armour for 95 gold pieces
  6465 | D:5      | Found an iron altar of Okawaru.
  6486 | D:5      | Became a worshipper of Warmaster Okawaru
  7100 | D:5      | Found Xoatigga's Assorted Antiques.
  7108 | D:5      | Learned a level 2 spell: Slow
  7114 | D:5      | Found a runed translucent gate.
  7115 | D:5      | Found a runed translucent gate.
  7116 | D:5      | Found a runed translucent gate.
  7162 | D:5      | Found Teklupebb's Distillery.
  7165 | D:5      | Bought a potion of heal wounds for 60 gold pieces
  7175 | D:5      | Found an ornate altar of the Wu Jian Council.
  7257 | D:5      | Found Urroabe's Magic Scroll Boutique.
  7262 | D:5      | Bought a scroll of fear for 52 gold pieces
  7704 | D:6      | Reached XP level 8. HP: 30/45 MP: 13/13
  7921 | D:6      | Found a staircase to the Ecumenical Temple.
  8055 | D:6      | Reached skill level 6 in Stealth
  8101 | D:6      | Found a glowing golden altar of the Shining One.
  8111 | D:6      | Reached * piety under Okawaru
  8112 | D:6      | Reached skill level 5 in Hexes
  8114 | D:6      | Found a snail-covered altar of Cheibriados.
  8142 | D:6      | Found a sparkling altar of Nemelex Xobeh.
  8825 | D:6      | Reached XP level 9. HP: 51/51 MP: 15/15
  9131 | D:7      | Reached skill level 5 in Dodging
  9725 | D:7      | Found a glowing golden altar of the Shining One.
  9732 | D:7      | Got a scorched long sword
  9733 | D:7      | Identified the cursed +0 long sword of Karma {vamp, Dex+6}
                  | (You found it on level 7 of the Dungeon)
  9777 | D:7      | Reached ** piety under Okawaru
  9860 | D:7      | Learned a level 3 spell: Portal Projectile
 10276 | D:8      | Found a broken altar of Ashenzari.
 10323 | D:8      | Reached skill level 1 in Translocations
 10360 | D:8      | Reached skill level 7 in Stealth
 11100 | D:8      | Found a blossoming altar of Fedhas.
 11106 | D:8      | Found an ancient bone altar of Kikubaaqudgha.
 11138 | D:8      | Reached XP level 10. HP: 43/58 MP: 17/17
 11293 | D:8      | Noticed a two-headed ogre
 11315 | D:8      | Reached *** piety under Okawaru
 11326 | D:8      | Killed a two-headed ogre
 11327 | D:8      | Reached skill level 5 in Spellcasting
 11327 | D:8      | Reached skill level 1 in Invocations
 11881 | D:8      | Found a shimmering blue altar of Sif Muna.
 11981 | D:8      | Found a hazy altar of Hepliaklqana.
 12028 | D:9      | Reached skill level 5 in Fighting
 12047 | D:9      | Reached skill level 8 in Stealth
 12289 | D:9      | Noticed Gastronok
 12308 | D:9      | Killed Gastronok
 12308 | D:9      | Reached **** piety under Okawaru
 12308 | D:9      | Reached ***** piety under Okawaru
 12309 | D:9      | Reached XP level 11. HP: 30/64 MP: 17/19
 12512 | D:9      | Found Akhlypt's Assorted Antiques.
 12579 | D:9      | Found an opulent altar of Gozag.
 13049 | D:9      | Noticed a two-headed ogre
 13052 | D:9      | Killed a two-headed ogre
 13053 | D:9      | Reached skill level 1 in Crossbows
 13053 | D:9      | Reached skill level 5 in Translocations
 13057 | D:9      | Learned a level 3 spell: Gell's Gravitas
 13061 | D:9      | Learned a level 3 spell: Dazzling Flash
 13104 | D:9      | Found a shimmering altar of Xom.
 13213 | D:9      | Noticed Pikel
 13548 | D:9      | Killed Pikel
 13549 | D:9      | Reached skill level 9 in Stealth
 13599 | D:9      | Reached skill level 1 in Conjurations
 13719 | D:10     | Entered Level 10 of the Dungeon
 13906 | D:10     | Noticed a frost giant
 13945 | D:9      | Killed an unseen horror
 14523 | D:10     | Noticed Psyche
 14528 | D:10     | Killed Psyche
 14600 | D:10     | Noticed a wolf spider
 14604 | D:10     | Received a gift from Okawaru
 14613 | D:10     | Killed a wolf spider
 14613 | D:10     | Noticed an ettin
 14849 | D:11     | Noticed a two-headed ogre
 14857 | D:11     | Killed a two-headed ogre
 14857 | D:11     | Reached ****** piety under Okawaru
 15187 | D:11     | Noticed a red ugly thing
 15190 | D:11     | Noticed a cyan ugly thing
 15219 | D:11     | Slain by a cyan ugly thing

Illustrated notes

Levels and vault maps discovered:
D:1:      lightli_arrival_noodles, layout_loops_ring, dk_noncrumbling_4,
          supply_closet_lemuel
D:2:      layout_basic, minivault_5, corexii_item_surrounded_by_moat,
          elyvilon_altar_3
D:3:      layout_basic, columned_hall_lemuel,
          nicolae_dithmenos_through_a_glass_darkly
D:4:      layout_rooms, kennysheep_mini, nrook_mini_vaults,
          kennysheep_generic_room_8
D:5:      layout_basic, okawaru_ov_weapons_minmay, nzn_wu_jian_council_hall,
          ebering_ghost_rock_garden, serial_shops, shop, kennysheep_mini_moat,
          shop, shop, uniq_sigmund
D:6:      layout_loops_corners, nemelex_xobeh_ov_fountains_minmay,
          chequers_temple_overflow_statue_of_worship,
          minmay_temple_entry_mini_moons, fountainhead,
          nicolae_underground_beach
D:7:      layout_gridville, basic_altar, serial_glass, glass_columns_c,
          glass_columns_b, glass_columns_a, glass_columns_b, glass_columns_a,
          glass_columns_b
D:8:      layout_cave_pools, grunt_temple_overflow_growth_and_decay,
          lemuel_coloured_pillars_altar, nicolae_ashenzari_panopticon,
          nzn_hepliaklqana_mist_gate
D:9:      layout_roguey, nicolae_overflow_hidden_temple,
          brannock_xom_greatest_gift, serial_shops, shop, uniq_pikel,
          uniq_gastronok
D:10:     minmay_chopped_fan, layout_basic, grunt_lair_entry_orc_guard_hut,
          minmay_orc_entry_temple_small, uniq_fannar, uniq_psyche, uniq_harold
D:11:     layout_cave_pools

Skill      XL: |  1  2  3  4  5  6  7  8  9 10 11 |
---------------+----------------------------------+-----
Short Blades   | 2 3 |  3.3
Fighting       | 1 2 3 4 5 6 |  6.5
Ice Magic      | 1 2 |  2.0
Dodging        | 3 4 5 6 7 |  7.6
Stealth        | 5 6 7 8 9 |  9.5
Spellcasting   | 3 4 5 6 |  6.5
Armour         | 1 2 3 4 |  4.0
Hexes          | 4 5 6 7 8 |  8.1
Evocations     | 1 2 3 4 |  4.1
Translocations | 2 4 5 |  5.2
Invocations    | 3 4 |  4.4
Crossbows      | 4 |  4.9
Conjurations   | 2 |  2.2

Action                   |  1- 3 |  4- 6 |  7- 9 | 10-12 || total
-------------------------+-------+-------+-------+-------++-------
Melee: Dagger            |   108 |   195 |     1 |    30 ||   334
       Spear             |       |    66 |   212 |    97 ||   375
       Long sword        |       |       |    40 |   128 ||   168
 Fire: Arbalest          |       |       |       |    28 ||    28
 Cast: Corona            |     6 |    19 |       |     1 ||    26
       Confusing Touch   |       |     2 |     1 |    16 ||    19
       Ensorcelled Hiber |       |     2 |       |     6 ||     8
       Tukima's Dance    |       |       |     5 |    16 ||    21
       Slow              |       |       |     1 |     5 ||     6
       Portal Projectile |       |       |       |     4 ||     4
       Dazzling Flash    |       |       |       |     1 ||     1
       Gell's Gravitas   |       |       |       |     1 ||     1
Invok: Heroism           |       |       |       |     1 ||     1
Evoke: Wand              |       |     1 |     4 |    26 ||    31
  Use: Potion            |     2 |     2 |     1 |     3 ||     8
       Scroll            |       |    11 |     3 |     6 ||    20
 Stab: Sleeping          |    19 |    21 |    37 |    11 ||    88
       Confused          |       |     1 |       |     9 ||    10
       Distracted        |       |       |     2 |     1 ||     3
       Invisible         |       |       |       |     2 ||     2
       Fleeing           |       |       |       |     1 ||     1
Armor: Robe              |     9 |    22 |       |       ||    31
       Ring mail         |       |     5 |       |       ||     5
       Leather armour    |       |       |    34 |    47 ||    81
       Acid dragon scale |       |       |       |    21 ||    21
Dodge: Dodged            |    74 |   162 |   187 |   382 ||   805
       Rpst.: Long sword |       |       |    14 |    69 ||    83

Table legend: (Time is in decaauts)
 A = Elapsed time spent in this place.
 B = Non-inter-level travel time spent in this place.
 C = Inter-level travel time spent in this place.
 D = Time resting spent in this place.
 E = Time spent auto-exploring this place.
 F = Levels seen in this place.
 G = Mean time per level.
                   A        B        C        D        E       F      G
               +--------+--------+--------+--------+--------+-----+--------+
         Total |  15266 |  14770 |    496 |   2143 |  10198 |  11 | 1387.8 |
       Dungeon |  15266 |  14770 |    496 |   2143 |  10198 |  11 | 1387.8 |
               +--------+--------+--------+--------+--------+-----+--------+

Top non-repeatable levels by time:
     D:8: 2416 daAuts
     D:2: 1898 daAuts
     D:9: 1756 daAuts
     D:3: 1756 daAuts
     D:5: 1622 daAuts
     D:1: 1349 daAuts
     D:6: 1251 daAuts
     D:4: 1115 daAuts
     D:7: 871 daAuts
    D:10: 632 daAuts
    D:11: 593 daAuts
